 Dungeon Crawl Stone Soup version 0.31-a0-854-g362426d53f (webtiles) character file.

Game seed: 10411344204361562861

213164 Joey1 the Slayer (level 18, -4/182 HPs)
             Began as a Minotaur Berserker on Oct 8, 2023.
             Was the Champion of Trog.
             Killed from afar by Nikola (36 damage)
             ... with a bolt of lightning
             ... on level 3 of the Swamp.
             The game lasted 01:29:41 (36786 turns).

Joey1 the Slayer (Minotaur Berserker)              Turns: 36786, Time: 01:29:41

Health: -4/182     AC: 32    Str: 29    XL:     18   Next: 26%
Magic:  17/17      EV: 15    Int:  8    God:    Trog [******]
Gold:   1190       SH: 17    Dex: 13    Spells: 17/17 levels left

rFire   + + +        P - +9 broad axe of Exquisite Torment {heavy, Will+ Dex+3}
rCold   + + +        x - +2 kite shield {reflect}
rNeg    + . .        s - +1 crystal plate armour {rC+}
rPois   +            q - +0 hat "Pelaxzox" {Rampage +Inv rF+++ Str-2}
rElec   .            a - +2 cloak
rCorr   .            O - +0 pair of gloves
SInv    .            J - +1 pair of boots of Decompression {rC+ Str+3}
Will    ++...        M - amulet of regeneration Stlth
                     h - +5 ring of evasion
HPRegen 1.30/turn    u - ring "Riush" {rPois rC+ rN+ Int+2}
MPRegen 0.15/turn

%: reflection, rampage
@: slowed, very slow
A: horns 2, retaliatory headbutt
}: 1/15 runes: serpentine
a: Renounce Religion, Evoke Invisibility, Berserk, Trog's Hand, Brothers in Arms


You were on level 3 of the Swamp.
You worshipped Trog.
Trog was exalted by your worship.
You visited 5 branches of the dungeon, and saw 29 of its levels.
You also visited: Sewer, Bailey, Gauntlet and Ice Cave.

You collected 2758 gold pieces.
You spent 1568 gold pieces at shops.

Inventory:

Hand Weapons
 E - the +5 trident "Leviticus" {flame, Str+2 Int+2}
   (You found it on level 6 of the Dungeon)

   Str+2:     It affects your strength (+2).
   Int+2:     It affects your intelligence (+2).
 P - the +9 broad axe of Exquisite Torment (weapon) {heavy, Will+ Dex+3}
   (Trog gifted it to you on level 5 of the Lair of Beasts)

   Dex+3:     It affects your dexterity (+3).
   Will+:     It increases your willpower.
Missiles
 n - 10 silver javelins
 w - 2 throwing nets
Armour
 a - a +2 cloak (worn)
 q - the +0 hat "Pelaxzox" (worn) {Rampage +Inv rF+++ Str-2}
   (You found it in an ice cave)

   Str-2:     It affects your strength (-2).
   rF+++:     It renders you almost immune to fire.
   +Inv:      It lets you turn invisible.
   Rampage:   It bestows one free step when moving towards enemies.
 s - a +1 crystal plate armour of cold resistance (worn)
 x - a +2 kite shield of reflection (worn)
 J - the +1 pair of boots of Decompression (worn) {rC+ Str+3}
   (You found it on level 6 of the Dungeon)

   Str+3:     It affects your strength (+3).
   rC+:       It protects you from cold.
 L - the +2 hat of the Final Seers {rElec}
   (You found it in a Gauntlet)

   rElec:     It insulates you from electricity.
 O - a +0 pair of gloves (worn)
Jewellery
 h - a +5 ring of evasion (left hand)
 u - the ring "Riush" (right hand) {rPois rC+ rN+ Int+2}
   (You bought it in a shop on level 2 of the Orcish Mines)

   [ring of protection from cold]

   Int+2:     It affects your intelligence (+2).
   rC+:       It protects you from cold.
   rPois:     It protects you from poison rN+: It protects you from negative
   energy.
 M - an amulet of regeneration (around neck)
 Z - an amulet of reflection
Wands
 o - a wand of digging (8)
 Q - a wand of quicksilver (14)
 T - a wand of paralysis (11)
 U - a wand of roots (28)
 W - a wand of polymorph (7)
Scrolls
 g - 12 scrolls of teleportation
 i - a scroll of torment
 j - 6 scrolls of enchant armour
 k - 2 scrolls of butterflies
 m - 2 scrolls of enchant weapon
 y - 2 scrolls of noise
 C - a scroll of silence
 D - 2 scrolls of acquirement {unknown}
 F - 7 scrolls of revelation
 H - 4 scrolls of fog
 N - 3 scrolls of blinking
 R - 2 scrolls of amnesia {unknown}
 V - 5 scrolls of poison
 X - a scroll of brand weapon {unknown}
 Y - 7 scrolls of fear
Potions
 b - a potion of heal wounds
 c - 2 potions of brilliance {unknown}
 d - 3 potions of attraction {unknown}
 e - 14 potions of curing
 f - 2 potions of berserk rage {unknown}
 l - 6 potions of haste
 p - 6 potions of might
 r - 2 potions of resistance {unknown}
 t - 3 potions of ambrosia
 z - 7 potions of mutation
 G - a potion of lignification {unknown}
 I - a potion of invisibility {unknown}
 K - a potion of enlightenment {unknown}
 S - a potion of cancellation {unknown}
Miscellaneous
 v - a lightning rod (4/4)
 A - a phantom mirror
 B - a phial of floods


   Skills:
 - Level 21.0 Fighting
 - Level 18.0 Axes
 - Level 5.0 Throwing
 + Level 15.5 Armour
 - Level 10.0 Dodging
 - Level 20.0 Shields
 - Level 12.0 Evocations


You had 17 spell levels left.
You didn't know any spells.
Your spell library was empty.

Dungeon Overview and Level Annotations

Branches:
Dungeon (15/15)            Temple (0/1) D:6            Lair (5/5) D:11
  Swamp (3/4) Lair:3        Snake (4/4) Lair:2        Slime (0/5) Lair:4
    Orc (2/2) D:9             Elf (0/3) Orc:2        Vaults (0/5) D:13
 Depths (0/4) D:15          Sewer (visited)          Bailey (visited)
  IceCv (visited)         Gauntlet (visited)

Altars:
Cheibriados
Fedhas
Gozag
Hepliaklqana
Okawaru
Qazlal
Ru
Sif Muna
Xom
Jiyva

Shops:
Orc:2 =[:*==?   Snake:3 *:[   Snake:4 ?:([

Annotations:
D:14 1 runed translucent door
Swamp:3 2 transporters, Mett's ghost, journeyman MfSh; Nikola


Innate Abilities, Weirdness & Mutations

You have a pair of horns on your head.
You reflexively headbutt those who attack you in melee.


Message History

The bog body is severely damaged.
Your surroundings suddenly seem different.
Splash!
You fall into the shallow water.
Moving in this stuff is going to be slow.
Found a scroll of identify.
Found a stone staircase leading down.
You feel extremely sick.
A swamp worm comes into view.
You feel extremely sick.
Found a pink potion.
You feel very sick.
You enter the shallow water.
Moving in this stuff is going to be slow.
Found an escape hatch in the floor.
You feel sick.
You feel very sick.
Found a stone staircase leading up.
You feel sick.
You are no longer poisoned.
You enter the shallow water.
Moving in this stuff is going to be slow.
Nikola mumbles some strange words.
Lightning arcs from Nikola's hands!
The bolt of lightning hits you!
You hear an angry buzzing noise. x2
Nikola mumbles some strange words.
Lightning arcs from Nikola's hands!
The bolt of lightning hits you!!!
* * * LOW HITPOINT WARNING * * *
A bolt of lightning appears from out of thin air!
The bolt of lightning hits Nikola!
You hear an angry buzzing noise.
Okay, then.
Blink to where?
Press: ? - help, Dir - move target
As you read the scroll of blinking, it crumbles to dust.
You enter the shallow water.
Moving in this stuff is going to be slow.
You enter the shallow water.
Moving in this stuff is going to be slow.
Nikola yells, "Danger!
Danger!
High voltage!"
Nikola points at you and mumbles some strange words.
The bolt of lightning hits you!!!
You die...

♣♣...~.♣.~~~~~§~÷~.~~~~~~
♣..~~...~~~~~~~~§.~~~~~..
♣~~~~...§~~~~~~~§.~§§~...
♣.~~.~....~~~~~~...~~~..
♣♣~.)~.♣♣.§~§~~~......♣ .
♣..~~~♣♣.~~~~~~.~~..~♣ .. .
♣~.~~~~♣~~§~§~~~~~..~♣♣. ♣♣?
♣♣♣♣.~.♣§.....~§...~.~~♣♣♣~~~
♣~~~[♣♣♣<.@♣♣~.(~~~~~...~..
♣.>.♣♣♣♣~~..~.~~~~~~~..~~~.
♣.~~♣♣♣.~~..♣....~~~~.~~~~.
♣.~.♣♣~..~.♣♣♣♣§.@~~~♣♣~.♣♣
♣♣~~.♣.~§~§♣♣ ♣♣♣..~.♣♣.~..
♣~~.~.~~~~.♣ ♣..~~♣♣♣~..
♣.......§~~♣ ♣.!.~♣♣~...
♣♣~~...<..§♣ ♣♣.~.§<@~.. .
♣♣)~~~....♣♣♣♣♣~...>..~~.


You could see Nikola.

Vanquished Creatures
  Saint Roka (Orc:1)
  2 Ice Fiends (IceCv)
  4 nagarajas
  Louise (Swamp:3)
  2 green draconians (Swamp:2)
  3 eleionomae
  A minotaur (Gauntlet)
  4 bunyips
  A dire elephant (Lair:5)
  Josephine (D:14)
  A fire dragon (Lair:5)
  5 salamander tyrants (Snake:4)
  Erolcha (D:9)
  A ghost crab (Swamp:1)
  6 alligators
  7 centaur warriors
  9 hydras
  2 catoblepae
  A caustic shrike simulacrum (IceCv)
  4 anacondas
  The ghost of beavisfan the Martial Artist, a journeyman OpSh of Gozag (D:10)
  7 death yaks
  8 two-headed ogres
  An ogre mage (D:13)
  2 deep troll earth magi (D:15)
  8 naga warriors
  6 boulder beetles
  7 shock serpents
  2 tengu warriors
  7 naga sharpshooters
  2 thrashing horrors (Gauntlet)
  11 skeletal warriors
  A skyshark (Lair:5)
  3 salamander mystics
  The ghost of IdlyInterested the Fighter, a novice DsWn of Hepliaklqana (D:8)
  The ghost of beavisfan the Insei, a novice DsSh of Gozag (D:7)
  6 goliath frogs
  A spriggan druid (Swamp:1)
  6 swamp dragons
  A sea snake (Snake:4)
  4 naga ritualists
  6 bog bodies
  A deep elf archer (D:10)
  An obsidian statue (IceCv)
  4 spriggan simulacra (IceCv)
  6 orc knights
  28 ugly things
  9 mana vipers
  3 deep elf pyromancers
  2 orc sorcerers (Orc:2)
  An oklob plant (Lair:2)
  7 cyclopes
  6 manticores
  A wolf spider (D:14)
  2 will-o-the-wisps
  13 salamanders
  15 elephants
  13 naga magi
  7 guardian serpents
  A black mamba (shapeshifter) (D:14)
  14 centaur zombies (D:11)
  4 centaur skeletons (D:13)
  30 black mambas
  3 gargoyles
  A torpor snail (Lair:5)
  12 cane toads
  Maggie (D:10)
  Jeremiah (D:6)
  3 yaktaurs (D:13)
  3 efreet
  6 freezing wraiths (IceCv)
  A komodo dragon (shapeshifter) (D:15)
  7 komodo dragons
  A minotaur zombie (Gauntlet)
  3 rime drakes
  A tengu conjurer (D:15)
  2 ice devils (IceCv)
  6 hornets
  6 tyrant leeches
  9 trolls
  2 polar bears
  Grinder (D:3)
  A tarantella (shapeshifter) (D:15)
  16 blink frogs
  A meliai zombie (D:11)
  5 dream sheep (Lair:5)
  7 slime creatures
  7 spriggans
  9 wraiths
  88 yaks
  4 shadows (D:11)
  8 wyverns
  3 vampires
  2 fire elementals (Gauntlet)
  2 humans (D:7)
  A human (shapeshifter) (D:13)
  The ghost of XomNomNom the Trooper, an amateur DsMo (D:4)
  11 basilisks
  An unseen horror simulacrum (D:8)
  13 vampire mosquitoes
  3 minotaur simulacra (IceCv)
  6 wargs (Orc:2)
  5 steam dragons
  28 nagas
  A harpy simulacrum (IceCv)
  7 acid dragons
  A hydra simulacrum (IceCv)
  10 swamp worms
  16 water moccasins
  A hell hound (Gauntlet)
  3 swamp drakes
  A floating eye (shapeshifter) (D:8)
  3 ice beasts
  4 black bears
  An ettin simulacrum (IceCv)
  Pargi (D:3)
  45 orc warriors
  11 ogres
  12 centaurs
  13 wolves
  2 phantoms
  10 kobold brigands
  22 bullfrogs
  A wyvern zombie (D:8)
  4 deep troll simulacra (IceCv)
  A gnoll sergeant (D:4)
  3 scorpions
  3 wights (D:10)
  10 killer bees
  10 electric eels
  4 howler monkeys (D:10)
  4 lava snakes (Lair:4)
  3 small abominations (Gauntlet)
  4 hounds
  5 jellies
  A gnoll bouda (D:9)
  11 orc priests
  A sleepcap (D:6)
  Jessica (D:3)
  7 iguanas
  26 orc wizards
  2 killer bee zombies (D:8)
  17 gnolls
  10 adders
  2 river rats (D:3)
  A shadow imp (D:7)
  3 white imps
  3 worms (Sewer)
  97 orcs
  11 endoplasms
  A giant cockroach (D:4)
  11 goblins
  7 hobgoblins
  2 jackals (D:5)
  4 quokkas
  5 ball pythons
  4 bats
  2 frilled lizards (D:1)
  35 kobolds
  11 rats
1099 creatures vanquished.

Vanquished Creatures (collateral kills)
  An anaconda simulacrum (IceCv)
  3 freezing wraiths (IceCv)
4 creatures vanquished.

Vanquished Creatures (others)
  A quicksilver dragon (Snake:4)
  A naga sharpshooter (Snake:2)
  A bloated husk (Swamp:3)
  A yak (D:8)
  A naga (Snake:3)
  An iguana (Lair:5)
  An orc wizard (D:13)
  10 foxfires
17 creatures vanquished.

Grand Total: 1120 creatures vanquished

Notes
Turn   | Place    | Note
-------+----------+-------------------------------------------
     0 | D:1      | Joey1 the Minotaur Berserker began the quest for the Orb.
     0 | D:1      | Reached XP level 1. HP: 19/19 MP: 0/0
   320 | D:1      | Reached XP level 2. HP: 27/27 MP: 1/1
   608 | D:2      | Reached skill level 4 in Fighting
   742 | D:2      | Reached XP level 3. HP: 33/33 MP: 2/2
   949 | D:2      | Reached ** piety under Trog
  1375 | D:3      | Found a glowing drain.
  1387 | D:3      | Reached skill level 5 in Axes
  1387 | D:3      | Reached XP level 4. HP: 17/40 MP: 3/3
  1416 | Sewer    | Entered a sewer
  1630 | Sewer    | Noticed a kobold brigand
  1645 | Sewer    | Killed a kobold brigand
  1646 | Sewer    | Reached XP level 5. HP: 39/47 MP: 4/4
  1771 | Sewer    | Reached skill level 5 in Fighting
  1839 | Sewer    | Reached XP level 6. HP: 56/56 MP: 5/5
  2226 | D:3      | Noticed Grinder
  2227 | D:3      | Noticed Jessica
  2241 | D:3      | Killed Grinder
  2242 | D:3      | Reached skill level 5 in Armour
  2242 | D:3      | Reached XP level 7. HP: 61/61 MP: 6/6
  2248 | D:3      | Killed Jessica
  2379 | D:3      | Noticed Pargi
  2387 | D:3      | Killed Pargi
  2506 | D:3      | Found a snail-covered altar of Cheibriados.
  3061 | D:4      | Reached skill level 10 in Axes
  3086 | D:4      | Found a transporter.
  3090 | D:4      | Found a transporter.
  3130 | D:4      | Noticed XomNomNom's ghost (amateur DsMo)
  3371 | D:5      | Entered Level 5 of the Dungeon
  3639 | D:5      | Reached *** piety under Trog
  3780 | D:5      | Reached XP level 8. HP: 61/68 MP: 7/7
  4351 | D:6      | Noticed Jeremiah
  4358 | D:6      | Identified the +5 trident "Leviticus" {flame, Str+2 Int+2}
  4386 | D:6      | Killed Jeremiah
  4530 | D:6      | Found a staircase to the Ecumenical Temple.
  4757 | D:6      | Identified the +1 pair of boots of Decompression {rC+
                  | Str+3}
  4896 | D:6      | Found a sacrificial altar of Ru.
  5065 | D:7      | Found an opulent altar of Gozag.
  5144 | D:7      | Found an iron altar of Okawaru.
  5158 | D:7      | Reached XP level 9. HP: 61/74 MP: 8/8
  5295 | D:7      | Found a flagged portal.
  5304 | Bailey   | Entered a bailey
  5433 | Bailey   | Reached skill level 15 in Axes
  5633 | Bailey   | Found an iron altar of Okawaru.
  5633 | Bailey   | Noticed an orc sorcerer
  5633 | Bailey   | Noticed an orc high priest
  5635 | Bailey   | Noticed a sixfirhy
  5638 | Bailey   | Noticed a red devil
  5647 | Bailey   | Noticed a hellwing
  5647 | Bailey   | HP: 3/74 [sixfirhy[an orc high priest] (12)]
  5653 | D:7      | Found a shimmering blue altar of Sif Muna.
  5674 | D:7      | Found a runed translucent gate.
  5674 | D:7      | Found a runed translucent gate.
  5674 | D:7      | Found a runed translucent gate.
  5676 | D:7      | Noticed beavisfan's ghost (novice DsSh)
  5943 | D:7      | Reached **** piety under Trog
  6365 | D:8      | Reached skill level 6 in Fighting
  6365 | D:8      | Reached XP level 10. HP: 50/83 MP: 9/9
  6482 | D:8      | Found a runed translucent gate.
  6482 | D:8      | Found a runed translucent gate.
  6482 | D:8      | Found a runed translucent gate.
  6490 | D:8      | Noticed IdlyInterested's ghost (novice DsWn)
  6616 | D:8      | Noticed a two-headed ogre
  6618 | D:8      | Reached skill level 7 in Fighting
  6625 | D:8      | Killed a two-headed ogre
  6626 | D:8      | Reached skill level 8 in Fighting
  6890 | D:8      | Noticed a two-headed ogre
  6908 | D:8      | Killed a two-headed ogre
  6909 | D:8      | Reached skill level 9 in Fighting
  6926 | D:8      | Reached skill level 10 in Fighting
  6974 | D:8      | Reached skill level 1 in Evocations
  6988 | D:8      | Noticed a six-headed hydra
  7189 | D:8      | Noticed a skeletal warrior
  7189 | D:8      | Noticed a cyclops
  7191 | D:8      | Noticed a deep elf pyromancer
  7278 | D:7      | Killed a skeletal warrior
  7728 | D:8      | Noticed a two-headed ogre
  7748 | D:8      | Killed a two-headed ogre
  7749 | D:8      | Reached XP level 11. HP: 99/99 MP: 7/10
  7781 | D:8      | Noticed a two-headed ogre
  7797 | D:8      | Killed a two-headed ogre
  7874 | D:8      | Killed a deep elf pyromancer
  7875 | D:8      | Reached skill level 5 in Dodging
  7952 | D:8      | Killed a six-headed hydra
  8164 | D:8      | Reached skill level 5 in Evocations
  9059 | D:9      | Reached ***** piety under Trog
  9109 | D:9      | Found a staircase to the Orcish Mines.
  9157 | D:9      | Noticed Erolcha
  9165 | D:9      | Killed Erolcha
  9252 | D:9      | Found a hazy altar of Hepliaklqana.
  9427 | D:10     | Entered Level 10 of the Dungeon
  9448 | D:10     | Noticed a two-headed ogre
  9464 | D:10     | Killed a two-headed ogre
  9524 | D:10     | Found a stormy altar of Qazlal.
  9707 | D:10     | Noticed Maggie
  9716 | D:10     | Killed Maggie
  9812 | D:10     | Noticed a two-headed ogre
  9828 | D:10     | Killed a two-headed ogre
 10143 | D:10     | Found a runed translucent door.
 10143 | D:10     | Noticed beavisfan's ghost (journeyman OpSh)
 10143 | D:10     | Noticed a deep elf archer
 10449 | D:11     | Reached XP level 12. HP: 104/108 MP: 11/11
 10493 | D:11     | Reached skill level 11 in Fighting
 10784 | D:11     | Found a staircase to the Lair.
 10941 | D:11     | Reached skill level 12 in Fighting
 11344 | D:11     | Found the amulet of Elemental Vulnerability {rPois rF--
                  | rC-- AC+8}
 11407 | D:11     | Reached skill level 13 in Fighting
 11934 | Lair:1   | Entered Level 1 of the Lair of Beasts
 12176 | D:11     | Reached skill level 14 in Fighting
 12221 | D:11     | Reached XP level 13. HP: 124/124 MP: 9/12
 12672 | Lair:1   | Received a gift from Trog
 12787 | Lair:1   | Reached skill level 15 in Fighting
 12829 | Lair:1   | Reached skill level 1 in Throwing
 13543 | Lair:2   | Found a staircase to the Snake Pit.
 13968 | Lair:2   | You fall into a shaft and drop 1 floor!
 15173 | Lair:3   | Reached skill level 5 in Throwing
 15395 | Lair:3   | Reached skill level 10 in Evocations
 15638 | Lair:3   | Received a gift from Trog
 16426 | Lair:3   | Found a staircase to the Swamp.
 16994 | Lair:4   | Reached XP level 14. HP: 102/135 MP: 10/13
 17320 | Lair:4   | Found a staircase to the Slime Pits.
 17320 | Lair:4   | Found a viscous altar of Jiyva.
 18013 | Lair:5   | Entered Level 5 of the Lair of Beasts
 18117 | Lair:4   | Received a gift from Trog
 19641 | Lair:5   | Reached skill level 10 in Armour
 19647 | Lair:5   | Reached skill level 1 in Shields
 19949 | Lair:5   | Identified the +9 broad axe of Exquisite Torment {heavy,
                  | Will+ Dex+3} (Trog gifted it to you on level 5 of the Lair
                  | of Beasts)
 19949 | Lair:5   | Received a gift from Trog
 20457 | Lair:5   | Reached skill level 5 in Shields
 21203 | D:4      | Killed XomNomNom's ghost
 21412 | D:7      | Killed beavisfan's ghost
 21505 | D:8      | Killed IdlyInterested's ghost
 21628 | D:10     | Killed beavisfan's ghost
 21780 | Orc:1    | Entered Level 1 of the Orcish Mines
 22082 | Orc:2    | Entered Level 2 of the Orcish Mines
 22103 | Orc:2    | Received a gift from Trog
 22125 | Orc:2    | Found Epyzur's Jewellery Emporium.
 22176 | Orc:2    | Found a gate leading to a gauntlet.
 22185 | Gauntlet | Entered a Gauntlet
 22185 | Gauntlet | Found a transporter.
 22185 | Gauntlet | Found a transporter.
 22189 | Gauntlet | Found a transporter.
 22189 | Gauntlet | Found a transporter.
 22203 | Gauntlet | Found a transporter.
 22222 | Gauntlet | Found a transporter.
 22229 | Gauntlet | Found a transporter.
 22230 | Gauntlet | Found a transporter.
 22232 | Gauntlet | Found a transporter.
 22236 | Gauntlet | Found a transporter.
 22270 | Gauntlet | Found a transporter.
 22290 | Gauntlet | Found a transporter.
 22323 | Gauntlet | Found a transporter.
 22341 | Gauntlet | Found a transporter.
 22441 | Gauntlet | Found a transporter.
 22457 | Gauntlet | Found a transporter.
 22645 | Gauntlet | Reached XP level 15. HP: 108/143 MP: 14/14
 22655 | Gauntlet | Identified the +2 hat of the Final Seers {rElec}
 22771 | Gauntlet | Identified the -1 helmet of Alits {rElec}
 22855 | Gauntlet | Identified the +4 rapier of Yesterday {speed, *Slow rCorr
                  | MP+9 Dex+2}
 22911 | Orc:2    | Noticed Saint Roka
 22922 | Orc:2    | Reached skill level 16 in Fighting
 23038 | Orc:1    | Killed Saint Roka
 23578 | Orc:2    | Found Xyciq's Book Shop.
 23644 | Orc:2    | Found Tuxaeq's Armour Shop.
 23650 | Orc:2    | Found a staircase to the Elven Halls.
 23718 | Orc:2    | Reached skill level 10 in Shields
 23751 | Orc:2    | Received a gift from Trog
 23763 | Orc:2    | Found Teklocwu's Jewellery Emporium.
 23763 | Orc:2    | Found Ciwugali's Jewellery Shop.
 23765 | Orc:2    | Found Sattyth's General Store.
 23767 | Orc:2    | Found Teiduoru's Magic Scroll Boutique.
 24278 | Orc:2    | Bought the ring "Riush" {rPois rC+ rN+ Int+2} for 713 gold
                  | pieces
 24320 | Orc:2    | Bought a +1 cloak for 149 gold pieces
 24650 | D:12     | Reached skill level 17 in Fighting
 25492 | D:13     | Reached skill level 18 in Fighting
 25952 | D:13     | Identified the +1 flail of the Nurturing Gods {drain,
                  | +Blink Will+}
 25958 | D:13     | Identified the staff of Revolt {rElec Str+3 Int-3 Dex+6
                  | Air}
 26001 | D:13     | Reached ****** piety under Trog
 26087 | D:13     | Received a gift from Trog
 26434 | D:13     | Found a gate to the Vaults.
 26569 | D:14     | Reached skill level 15 in Shields
 26821 | D:14     | Reached XP level 16. HP: 157/157 MP: 15/15
 26822 | D:14     | Noticed Josephine
 26828 | D:14     | Killed Josephine
 27320 | D:14     | Found a runed translucent door.
 27320 | D:14     | Noticed a storm dragon
 27320 | D:14     | Noticed a tengu reaver
 27480 | D:15     | Entered Level 15 of the Dungeon
 27522 | D:15     | Found a staircase to the Depths.
 27813 | D:15     | Received a gift from Trog
 29211 | Snake:1  | Entered Level 1 of the Snake Pit
 29233 | Snake:1  | Reached skill level 19 in Fighting
 29507 | Snake:1  | Found a sacrificial altar of Ru.
 30658 | Snake:2  | Found a blossoming altar of Fedhas.
 30672 | Snake:2  | Reached skill level 20 in Fighting
 30954 | Snake:3  | Received a gift from Trog
 31081 | Snake:3  | Found a frozen archway.
 31093 | Snake:3  | Reached XP level 17. HP: 119/170 MP: 16/16
 31110 | IceCv    | Entered an ice cave
 31476 | IceCv    | Noticed an Ice Fiend
 31476 | IceCv    | Noticed an Ice Fiend
 31499 | IceCv    | Killed an Ice Fiend
 31502 | IceCv    | Killed an Ice Fiend
 31809 | IceCv    | Identified the +0 hat "Pelaxzox" {Rampage +Inv rF+++ Str-2}
 32139 | Snake:3  | Found a shimmering altar of Xom.
 32246 | Snake:3  | Found Olaedgh's Armour Boutique.
 32248 | Snake:3  | Found Qogeifoc's Book Shop.
 32250 | Snake:3  | Found Pungaego's General Store.
 32901 | Snake:4  | Entered Level 4 of the Snake Pit
 33165 | Orc:2    | Bought a ring of protection from fire for 400 gold pieces
 33467 | Snake:4  | Reached skill level 10 in Dodging
 33901 | Snake:4  | Found Kaopsi's Armour Shoppe.
 33904 | Snake:4  | Found Biapsal's Antique Weapon Shoppe.
 33904 | Snake:4  | Found Keg Leam's Book Emporium.
 33909 | Snake:4  | Found Lused's Magic Scroll Emporium.
 33915 | Snake:4  | Bought a scroll of silence for 171 gold pieces
 33915 | Snake:4  | Bought a scroll of blinking for 135 gold pieces
 34668 | Snake:4  | Reached skill level 21 in Fighting
 34732 | Snake:4  | Noticed a quicksilver dragon
 34736 | Snake:4  | Killed a quicksilver dragon
 34846 | Snake:4  | Received a gift from Trog
 35000 | Snake:4  | Got a serpentine rune of Zot
 35218 | Swamp:1  | Entered Level 1 of the Swamp
 35851 | Swamp:2  | Received a gift from Trog
 35861 | Swamp:2  | Reached XP level 18. HP: 182/182 MP: 17/17
 36024 | Swamp:2  | Identified the +0 scale mail of the Sky {Contam rElec MP+9
                  | Str+3}
 36589 | Swamp:3  | Reached skill level 15 in Armour
 36641 | Swamp:3  | Found a transporter.
 36669 | Swamp:3  | Found a shimmering altar of Xom.
 36669 | Swamp:3  | Found a transporter.
 36685 | Swamp:3  | Noticed Mett's ghost (journeyman MfSh)
 36742 | Swamp:3  | Noticed Louise
 36753 | Swamp:3  | Killed Louise
 36770 | Swamp:3  | Noticed Nikola
 36786 | Swamp:3  | Killed from afar by Nikola

Illustrated notes

Levels and vault maps discovered:
D:1:      nzn_arrival_depleted_hourglass, layout_rooms, minmay_misc_feat_iff
D:2:      layout_loops_corners
D:3:      layout_rooms, mainiacjoe_overflow_paths, portal_sewer_entry_a,
          uniq_jessica, uniq_pargi, uniq_grinder
D:4:      layout_basic, gammafunk_ghost_gnarly_gnolls, kennysheep_minor_cross
D:5:      layout_loops_ring, hangedman_abyss_or_decor_passed
D:6:      layout_cave_pools, nicolae_ru_the_path_less_chosen,
          minmay_temple_entry_from_below_a, nicolae_zen_rock_garden,
          uniq_jeremiah
D:7:      layout_basic, mainiacjoe_overflow_catwalk, led_sif_pool,
          okawaru_humans, nicolae_ossuary_entry_plus, enter_bailey_2,
          ebering_ghost_rock_garden, grunt_ministairs_15, roderic_three_in_a_row
D:8:      nzn_winding_woodlands_medium [nzn_winding_woodlands_5x5_checkerboard,
          nzn_winding_woodlands_5x15_split_checker,
          nzn_winding_woodlands_5x5_default, nzn_winding_woodlands_5x5_default,
          nzn_winding_woodlands_center_pierced_h,
          nzn_winding_woodlands_hourglass, nzn_winding_woodlands_5x5_default,
          nzn_winding_woodlands_5x15_crooked,
          nzn_winding_woodlands_5x5_perimeter], layout_basic,
          gammafunk_ghost_necromancy
D:9:      layout_loops_cross, mainiacjoe_overflow_chevrons, orc_0_dummy,
          uniq_erolcha
D:10:     layout_basic, lemuel_crystal_altar, serial_corexii_hall,
          corexii_hall_statues_s, corexii_hall_statues_u,
          chequers_hall_statues_wall_a, chequers_hall_statues_corner_a,
          corexii_hall_statues_t, corexii_hall_statues_t,
          ebering_ghost_inner_flame, uniq_maggie
D:11:     layout_long_grid, minmay_lair_entry_grove, serial_undead,
          serial_undead_f, serial_undead_c, serial_undead_d, serial_undead_d,
          serial_undead_c, serial_undead_c, serial_undead_c, serial_undead_d
D:12:     layout_loops_corners, worms_lemuel
D:13:     layout_roguey, hangedman_vaults_entry_quadrant_bands,
          minmay_hollow_rounded_squares
D:14:     layout_loops_ring, minmay_misc_feat_nine_boxes, serial_rivers,
          chequers_serial_rivers_micro_e, chequers_serial_rivers_micro_b,
          chequers_serial_rivers_micro_d, chequers_serial_rivers_micro_e,
          minmay_hidden_floor, uniq_josephine
D:15:     hellmonk_depths_entry_around_the_bend, layout_irregular_city,
          hangedman_abyss_or_decor_stagger
Lair:1:   layout_big_grid
Lair:2:   layout_small_grid, nicolae_snake_entry_squirm,
          minmay_lair_oklob_bushes, hangedman_lair_unloving_vines
Lair:3:   layout_loops_ring, palyth_hydra_swamp_entry, serial_bayou_shore_b
Lair:4:   layout_regular_city, nicolae_slime_entry_field_trip,
          nicolae_lair_liquid_snakes, grunt_megastairs_3,
          infiniplex_staircase_pool
Lair:5:   guppyfry_lair_end_dragon, layout_cave_pods
Swamp:1:  layout_basic_swamp, evilmike_swamp_ruin_rubble_2, swamp_pool4
Swamp:2:  layout_basic_swamp, nicolae_swamp_some_circles, hangedman_swamp_dais
Swamp:3:  layout_basic_swamp, gammafunk_ghost_mausoleum, basic_altar,
          swamp_pool1, uniq_mara, uniq_nikola, uniq_louise
Snake:1:  layout_misc_corridors, basic_altar, nicolae_snake_salamander_stairs
Snake:2:  layout_misc_corridors, basic_altar, grunt_megastairs_1,
          lemuel_fruit_tree
Snake:3:  layout_cave_town, portal_ice_cave_entry_ugly_swarm, basic_altar,
          minmay_shop_star
Snake:4:  hellmonk_snake_rune_quicksilver_temple, layout_layer_cave,
          serial_bayou_lagoon_a, minmay_shoptagon
Orc:1:    layout_diamond_mine
Orc:2:    st_orc_rangers, layout_caves, gauntlet_entry_generic, serial_shops,
          nicolae_shop_tiny_glass, shop, nicolae_shop_stone, nooodl_orcs_dogs,
          uniq_saint_roka

Skill      XL: |  1  2  3  4  5  6  7  8  9 10 11 12 13 14 15 16 17 18 |
---------------+-------------------------------------------------------+-----
Axes           | 4 5 6 8 10 13 16 18 | 18.0
Fighting       | 4 5 6 10 14 15 18 20 21 | 21.0
Armour         | 3 4 5 6 7 10 13 15 | 15.5
Evocations     | 2 8 11 12 | 12.0
Dodging        | 4 6 9 10 | 10.0
Throwing       | 5 |  5.0
Shields        | 7 16 19 20 | 20.0

Action                     |  1- 3 |  4- 6 |  7- 9 | 10-12 | 13-15 | 16-18 || total
---------------------------+-------+-------+-------+-------+-------+-------++-------
  Melee: Hand axe          |    70 |    81 |   122 |       |       |       ||   273
         Headbutt          |    12 |    16 |    58 |   126 |   280 |   155 ||   647
         Punch             |       |       |     4 |     5 |     6 |       ||    15
         War axe           |       |       |   212 |   595 |   684 |       ||  1491
         Trident           |       |       |    18 |     7 |    31 |    11 ||    67
         Broad axe         |       |       |       |       |   386 |   745 ||  1131
 Invoke: Trog's Hand       |       |     1 |     3 |     4 |     4 |     2 ||    14
         Berserk           |       |       |     3 |    12 |     3 |       ||    18
         Brothers in Arms  |       |       |       |       |       |     3 ||     3
  Evoke: Wand              |       |       |       |       |       |     1 ||     1
    Use: Scroll            |       |       |     5 |     1 |     6 |    11 ||    23
         Potion            |       |       |       |       |     1 |     4 ||     5
   Stab: Sleeping          |     1 |       |       |       |       |       ||     1
 Armour: Animal skin       |    25 |       |       |       |       |       ||    25
         Ring mail         |     8 |    21 |    19 |       |       |       ||    48
         Chain mail        |       |       |   165 |   407 |   633 |   185 ||  1390
         Scale mail        |       |       |       |       |    32 |       ||    32
         Crystal plate arm |       |       |       |       |       |   302 ||   302
  Dodge: Dodged            |    51 |    54 |   174 |   442 |   746 |   293 ||  1760
  Block: Buckler           |       |       |       |       |   287 |    51 ||   338
         Reflection        |       |       |       |       |    73 |    55 ||   128
         Kite shield       |       |       |       |       |       |   553 ||   553

Table legend: (Time is in decaauts)
 A = Elapsed time spent in this place.
 B = Non-inter-level travel time spent in this place.
 C = Inter-level travel time spent in this place.
 D = Time resting spent in this place.
 E = Time spent auto-exploring this place.
 F = Levels seen in this place.
 G = Mean time per level.
                   A        B        C        D        E       F      G
               +--------+--------+--------+--------+--------+-----+--------+
         Total |  36816 |  33935 |   2881 |   4877 |  21079 |  33 | 1115.6 |
       Dungeon |  16123 |  14616 |   1507 |   1634 |   9940 |  15 | 1074.9 |
          Lair |   9552 |   8745 |    807 |   1626 |   5449 |   5 | 1910.4 |
         Swamp |   1700 |   1672 |     28 |     64 |   1109 |   3 |  566.7 |
     Snake Pit |   4606 |   4366 |    240 |    367 |   2832 |   4 | 1151.5 |
  Orcish Mines |   2002 |   1706 |    296 |    461 |    828 |   2 | 1001.0 |
         Sewer |    796 |    796 |      0 |     55 |    522 |   1 |  796.0 |
        Bailey |    325 |    325 |      0 |    112 |      0 |   1 |  325.0 |
      Ice Cave |    990 |    990 |      0 |    557 |     49 |   1 |  990.0 |
      Gauntlet |    719 |    719 |      0 |      0 |    349 |   1 |  719.0 |
               +--------+--------+--------+--------+--------+-----+--------+

Top non-repeatable levels by time:
  Lair:5: 2500 daAuts
     D:8: 2168 daAuts
  Lair:3: 1890 daAuts
  Lair:2: 1882 daAuts
  Lair:4: 1856 daAuts
 Snake:4: 1703 daAuts
    D:11: 1642 daAuts
  Lair:1: 1422 daAuts
    D:10: 1270 daAuts
 Snake:3: 1105 daAuts
   Orc:2: 1104 daAuts
    D:13: 1089 daAuts
     D:7: 1084 daAuts
 Snake:1: 1069 daAuts
    D:12: 1067 daAuts
